 Dungeon Crawl Stone Soup version 0.28.0-1-gb440e238dd (webtiles) character file.

Game seed: 15591414358983419964

273 issech the Cudgeller (level 6, -1/61 HPs)
             Began as a Troll Monk on Feb 25, 2022.
             Slain by an orc (5 damage)
             ... on level 4 of the Dungeon.
             The game lasted 00:10:04 (2968 turns).

issech the Cudgeller (Troll Monk)                   Turns: 2968, Time: 00:10:05

Health: -1/61      AC:  5    Str: 20    XL:     6   Next: 3%
Magic:  5/5        EV: 11    Int:  6    God:
Gold:   186        SH:  0    Dex: 14    Spells: 5/5 levels left

rFire   . . .      SeeInvis .   r - +0 morningstar
rCold   . . .      Faith    .   (no shield)
rNeg    . . .      Spirit   .   b - +0 robe
rPois   .          Reflect  .   (helmet restricted)
rElec   .          Harm     .   m - +0 cloak
rCorr   .          Rampage  .   (gloves unavailable)
Will    .....                   (boots unavailable)
Stlth   ++........              (no amulet)
HPRegen 1.00/turn               (no ring)
MPRegen 0.09/turn               (no ring)

@: no status effects
A: large, unfitting armour, claws 3, regeneration 1, shaggy fur 1, tough skin 1
a: no special abilities


You were on level 4 of the Dungeon.
You visited 1 branch of the dungeon, and saw 5 of its levels.

You collected 186 gold pieces.

Inventory:

Hand Weapons
 a - a +0 mace
 r - a +0 morningstar (weapon)
Missiles
 e - 35 sling bullets
 h - 74 stones (quivered)
 p - 2 poisoned darts
Armour
 b - a +0 robe (worn)
 m - a +0 cloak (worn)
Magical Staves
 k - a staff of earth
Wands
 q - a wand of iceblast (19)
Scrolls
 c - a scroll of teleportation {unknown}
 d - a scroll of noise {unknown}
 j - a scroll of brand weapon {unknown}
 n - 6 scrolls of identify {unknown}
 s - a scroll of enchant weapon {unknown}
 w - a scroll of enchant armour {unknown}
Potions
 f - 2 potions of haste {unknown}
 g - 2 potions of heal wounds {unknown}
 i - 3 potions of brilliance {unknown}
 l - a potion of resistance {unknown}
 o - 5 potions of curing {unknown}
 t - a potion of attraction {unknown}
 u - a potion of might {unknown}
 v - a potion of berserk rage {unknown}
 x - a potion of flight {unknown}


   Skills:
 + Level 3.3 Fighting
 + Level 4.5 Maces & Flails
 + Level 3.4 Dodging
 + Level 1.4 Stealth


You had 5 spell levels left.
You didn't know any spells.
Your spell library was empty.

Dungeon Overview and Level Annotations

Branches:
Dungeon (5/15)
 Temple: D:4-7

Altars:
Dithmenos
Nemelex Xobeh
Xom

Shops:
D:3 [

Annotations:
D:4 Sigmund


Innate Abilities, Weirdness & Mutations

You are too large for most types of armour.
You have claws for hands.
Your natural rate of healing is unusually fast.
You are covered in fur. (AC +1)
You have tough skin. (AC +1)


Message History

The orc priest casts a cantrip, but nothing happens.
Something hits you! The kobold closely misses you.
The orc hits you but does no damage. The orc closely misses you.
The orc hits you with a +0 hand axe.
You're too confused to move!
The orc hits you but does no damage. The orc priest barely misses you.
The kobold barely misses you. The orc barely misses you. Something hits you!
You puncture the orc!
You kill the orc!
The orc hits you with a +0 whip. The orc priest hits you with a +0 club.
The kobold hits you with a +0 dagger.
* * * LOW HITPOINT WARNING * * *
The orc closely misses you. The orc priest hits you with a +0 club.
* * * LOW HITPOINT WARNING * * *
Something hits you.
* * * LOW HITPOINT WARNING * * *
You miss the orc. You claw the orc.
The orc is severely wounded.
You feel less confused. The kobold misses you. The orc closely misses you.
The orc priest hits you with a +0 club.
* * * LOW HITPOINT WARNING * * *
The orc barely misses you.
The orc priest calls upon Beogh to heal the orc.
The orc is healed somewhat.
The kobold hits you with a +0 dagger.
* * * LOW HITPOINT WARNING * * *
Something hits you but does no damage. The orc closely misses you.
The orc barely misses you. Something hits you.
* * * LOW HITPOINT WARNING * * *
The kobold barely misses you.
A puff of flame appears from out of thin air!
The puff of flame misses you. The kobold hits you but does no damage.
There is a stone staircase leading up here.
Something hits you.
* * * LOW HITPOINT WARNING * * *
The orc priest calls upon Beogh to heal the orc.
The orc's wounds heal themselves!
The orc hits you with a +0 whip.
You die...

...............?###
#..................
#......!......#
#......))....#
#...........##
##.........##
#...{.....#
##..oK...##
###@o...##
##.....## #.......#
#.##.##.## ##
######


You could see an orc priest, an orc and a kobold.

Vanquished Creatures
  A scorpion (D:4)
  2 iguanas
  Ijyb (D:3)
  A gnoll (D:1)
  5 adders
  A worm (D:2)
  A dart slug (D:4)
  6 orcs
  4 ball pythons
  3 endoplasms
  3 giant cockroaches
  5 goblins
  6 hobgoblins
  9 jackals
  3 quokkas
  8 bats
  A frilled lizard (D:1)
  4 kobolds
  8 rats
72 creatures vanquished.

Notes
Turn   | Place    | Note
-------+----------+-------------------------------------------
     0 | D:1      | issech the Troll Monk began the quest for the Orb.
     0 | D:1      | Reached XP level 1. HP: 22/22 MP: 0/0
   130 | D:1      | Found a faded altar of an unknown god.
   147 | D:1      | Reached skill level 3 in Maces & Flails
   147 | D:1      | Reached XP level 2. HP: 28/29 MP: 1/1
   539 | D:1      | Reached XP level 3. HP: 34/36 MP: 2/2
  1150 | D:2      | Reached XP level 4. HP: 44/44 MP: 3/3
  1208 | D:3      | Found Bouwauth's Antique Armour Emporium.
  1314 | D:3      | Found a shimmering altar of Xom.
  1506 | D:3      | Noticed Ijyb
  1550 | D:3      | Killed Ijyb
  1833 | D:3      | You fall into a shaft and drop 2 floors!
  1833 | D:5      | Entered Level 5 of the Dungeon
  2073 | D:5      | Found a sparkling altar of Nemelex Xobeh.
  2147 | D:5      | Reached XP level 5. HP: 30/53 MP: 4/4
  2154 | D:5      | Reached skill level 4 in Maces & Flails
  2613 | D:3      | Found a shadowy altar of Dithmenos.
  2634 | D:3      | Reached XP level 6. HP: 59/61 MP: 5/5
  2940 | D:4      | Noticed Sigmund
  2962 | D:4      | HP: 3/61 [something (6)]
  2968 | D:4      | Slain by an orc

Illustrated notes

Levels and vault maps discovered:
D:1:      sevenhm_arrival_forest_fort_small_4, layout_basic,
          shapermc_ecumenical_altar_acropolis, hangedman_abyss_or_decor_stabs,
          minmay_bisected
D:2:      minmay_diamond_boxcup, layout_rooms, minmay_splitting_lines,
          minmay_misc_feat_rugged, dk_noncrumbling_4, minmay_goblin_kobold_house
D:3:      minmay_general_purpose_star, layout_loops_ring,
          nicolae_dithmenos_the_darkroom, mainiacjoe_overflow_surrounded_room,
          serial_shops, nicolae_shop_advertising_works
          [nicolae_subvault_shop_adworks], serial_bayou_pond_d,
          kennysheep_small_spiral, minivault_11, uniq_ijyb
D:4:      layout_cave_pods, serial_shops, shop, uniq_grinder, uniq_sigmund
D:5:      nicolae_cairo_tiling_large_dashed, layout_basic, lemuel_doored_altar,
          minmay_mini_ossuary

Skill      XL: |  1  2  3  4  5 |
---------------+----------------+-----
Maces & Flails | 3 4 |  4.5
Dodging        | 3 |  3.4
Fighting       | 3 |  3.3
Stealth        | |  1.4

Action                   |  1- 3 |  4- 6 || total
-------------------------+-------+-------++-------
Melee: Mace              |   149 |    45 ||   194
       Punch             |     3 |     3 ||     6
       Morningstar       |       |    55 ||    55
 Stab: Sleeping          |       |     3 ||     3
Armor: Robe              |    96 |    32 ||   128
Dodge: Dodged            |   140 |    81 ||   221
